 Dungeon Crawl Stone Soup version 0.29.1-1-gd02db6906a (webtiles) character file.

Game seed: 8357959251202704882

65 Earthwalker the Trooper (level 3, -11/34 HPs)
             Began as a Minotaur Abyssal Knight on Oct 6, 2022.
             Was a Believer of Lugonu.
             Mangled by a gnoll
             ... wielding a +0 halberd
              (12 damage)
             ... on level 2 of the Dungeon.
             The game lasted 00:03:06 (587 turns).

Earthwalker the Trooper (Minotaur Abyssal Knight)    Turns: 587, Time: 00:03:07

Health: -11/34     AC:  6    Str: 23    XL:     3   Next: 94%
Magic:  3/3        EV: 11    Int: 11    God:    Lugonu [**....]
Gold:   23         SH:  0    Dex: 12    Spells: 2/2 levels left

rFire   + . .      SeeInvis .   a - +1 spear
rCold   + . .      Faith    .   (no shield)
rNeg    . . .      Spirit   .   l - +1 ring mail {rC+}
rPois   +          Reflect  .   (helmet restricted)
rElec   .          Harm     .   (no cloak)
rCorr   .          Rampage  .   (no gloves)
Will    +....                   (no boots)
Stlth   +.........              (no amulet)
HPRegen 0.11/turn               i - +6 ring of intelligence
MPRegen 0.08/turn               k - ring "Ozyc" {rPois rF+ Will+ Str+6 Int-2 Slay+2}

@: no status effects
A: horns 2, retaliatory headbutt
a: Renounce Religion, Depart the Abyss, Bend Space


You were on level 2 of the Dungeon.
You worshipped Lugonu.
Lugonu was pleased with you.
You visited 1 branch of the dungeon, and saw 2 of its levels.
You visited the Abyss 1 time.

You collected 23 gold pieces.

Inventory:

Hand Weapons
 a - a +1 spear (weapon)
Armour
 b - a +0 leather armour
 e - a +0 scale mail
 l - a +1 ring mail of cold resistance (worn)
Jewellery
 i - a +6 ring of intelligence (left hand)
 k - the ring "Ozyc" (right hand) {rPois rF+ Will+ Str+6 Int-2 Slay+2}
   (You found it on level 2 of the Dungeon)

   [ring of strength]

   Str:       It affects your strength (+6).
   Int:       It affects your intelligence (-2).
   Slay:      It affects your accuracy & damage with ranged weapons and melee
   (+2).
   rF:        It protects you from fire.
   rPois:     It protects you from poison.
   Will:      It increases your willpower.
Wands
 h - a wand of iceblast (9)
Scrolls
 d - a scroll of fog {unknown}
 g - 2 scrolls of identify {unknown}
 j - a scroll of enchant armour {unknown}
Potions
 c - a potion of mutation {unknown}
 f - 2 potions of curing {unknown}


   Skills:
 + Level 4.7 Fighting
 + Level 3.6 Polearms
 + Level 3.0 Armour
 + Level 1.1 Dodging
 + Level 1.9 Invocations


You had 2 spell levels left.
You didn't know any spells.
Your spell library was empty.

Dungeon Overview and Level Annotations

Branches:
Dungeon (2/15)

Altars:


Innate Abilities, Weirdness & Mutations

You have a pair of horns on your head.
You reflexively headbutt those who attack you in melee.


Message History

The gnoll shouts!
The gnoll closely misses you.
You puncture the gnoll!
The gnoll is severely wounded.
The gnoll hits you but does no damage.
You puncture the gnoll!
You kill the gnoll!
Lugonu accepts your kill. The gnoll hits you with a +0 spear.
The gnoll hits you with a +0 halberd.
You see here a +0 flail.
You closely miss the gnoll. The gnoll hits you but does no damage.
The gnoll hits you with a +0 halberd! The gnoll hits you but does no damage.
The gnoll barely misses you. The gnoll hits you with a +0 spear.
The gnoll hits you with a +0 halberd!
* * * LOW HITPOINT WARNING * * *
You see here a +0 flail.
You closely miss the gnoll.
You headbutt the gnoll, but do no damage.
The gnoll hits you but does no damage. The gnoll completely misses you.
You hit the gnoll.
The gnoll is moderately wounded.
The gnoll hits you with a +0 spear.
* * * LOW HITPOINT WARNING * * *
The gnoll closely misses you.
You hit the gnoll but do no damage. You headbutt the gnoll.
The gnoll is lightly wounded.
You puncture the gnoll!
The gnoll is severely wounded.
The gnoll hits you with a +0 spear.
* * * LOW HITPOINT WARNING * * *
The gnoll completely misses you.
You hit the gnoll.
You kill the gnoll!
Lugonu accepts your kill. The gnoll closely misses you.
Your Armour skill increases to level 3!
You barely miss the gnoll.
The gnoll is lightly wounded.
The gnoll hits you with a +0 halberd!
You die...

##.# ####.
#.# ##...
#^# ##
##.... #.#
##..#....^
#.#
....#...>.
#.#
........
#.#
###.....
#.# #.....
#@# ##....
#.g)...#
##...
#......#
##..
#....).#
####..##
#......#
#>...###
#?.....#
..###...
#######.
#.....##
.# #.###


You could see a gnoll.

Vanquished Creatures
  2 gnolls (D:2)
  2 adders (D:2)
  4 worms (D:2)
  3 ball pythons (D:2)
  2 bats (D:2)
  A giant cockroach (D:2)
  2 goblins (D:2)
  A quokka (D:2)
  A frilled lizard (D:2)
  2 rats (D:2)
20 creatures vanquished.

Notes
Turn   | Place    | Note
-------+----------+-------------------------------------------
     0 | Abyss:1  | Earthwalker the Minotaur Abyssal Knight began the quest for
                  | the Orb.
     0 | Abyss:1  | Reached XP level 1. HP: 19/19 MP: 1/1
     1 | D:1      | Escaped the Abyss
    30 | D:1      | You fall into a shaft and drop 1 floor!
    67 | D:2      | Reached skill level 4 in Fighting
    67 | D:2      | Reached XP level 2. HP: 24/27 MP: 2/2
   286 | D:2      | Identified the ring "Ozyc" {rPois rF+ Will+ Str+6 Int-2
                  | Slay+2}
   300 | D:2      | Reached XP level 3. HP: 34/34 MP: 3/3
   585 | D:2      | HP: 1/34 [gnoll/+0 spear (1)]
   587 | D:2      | Mangled by a gnoll

Illustrated notes

Levels and vault maps discovered:
D:1:      minmay_arrival_statue_studded, layout_basic,
          shapermc_ecumenical_altar_pompeii
D:2:      layout_rooms, nicolae_wormholes

Skill      XL: |  1  2  3 |
---------------+----------+-----
Fighting       | 4 |  4.7
Polearms       | 3 |  3.6
Armour         | 3 |  3.0
Dodging        | |  1.1
Invocations    | |  1.9

Action                   || total
-------------------------++-------
Melee: Spear             ||    50
       Headbutt          ||     7
       Punch             ||     3
Armor: Scale mail        ||     4
       Ring mail         ||     4
Dodge: Dodged            ||    18
